 Dungeon Crawl Stone Soup version 0.18-a0-1577-gf591c28 (webtiles) character file.

226 M4edhros the Sneak (level 6, -2/38 HPs)
             Began as an Octopode Artificer on Mar 24, 2016.
             Slain by an ice beast (11 damage)
             ... on level 5 of the Dungeon.
             The game lasted 00:02:33 (2411 turns).

M4edhros the Sneak (Octopode Artificer)             Turns: 2411, Time: 00:02:33

Health: -2/38      AC:  1    Str: 11    XL:     6   Next: 1%
Magic:  8/8        EV: 13    Int: 14    God:
Gold:   100        SH:  0    Dex: 14    Spells: 0 memorised, 5 levels left

rFire  . . .     SeeInvis .     a - +0 short sword
rCold  . . .     Gourm    .     (no shield)
rNeg   . . .     Faith    .     (helmet restricted)
rPois  .         Spirit   .     (no amulet)
rElec  .         Dismiss  .     (no ring)
rCorr  .         Reflect  .     (no ring)
SustAt .         Harm     .     (no ring)
MR     .....                    (no ring)
Stlth  ++++......               (no ring)
                                (no ring)
                                (no ring)
                                (no ring)

@: not resistant to hostile enchantments, stealthy
A: almost no armour, amphibious, 8 rings, constrict 8, camouflage 1, gelatinous
body 1
a: no special abilities


You were on level 5 of the Dungeon.
You were not hungry.

You visited 1 branch of the dungeon, and saw 5 of its levels.

You collected 100 gold pieces.

Inventory:

Hand Weapons
 a - a +0 short sword (weapon)
 n - a +0 hunting sling
Missiles
 p - 12 sling bullets
Wands
 b - a wand of flame (10/48)
 c - a wand of enslavement (15/24)
 d - a wand of random effects (10/48)
 v - a wand of iceblast (7/15)
Scrolls
 e - a scroll of noise {unknown}
 h - 2 scrolls of remove curse {unknown}
 j - a scroll of enchant weapon {unknown}
 m - a scroll of teleportation {unknown}
 s - a scroll of blinking {unknown}
 w - a scroll of magic mapping {unknown}
 y - a scroll of fog {unknown}
 A - a scroll of identify {unknown}
 B - a scroll of fear {unknown}
Potions
 g - 3 potions of curing {unknown}
 k - 2 potions of might {unknown}
 o - a potion of mutation {unknown}
 q - 2 potions of flight {unknown}
 x - a potion of heal wounds {unknown}
 z - a potion of brilliance {unknown}
Comestibles
 f - 2 bread rations
 i - 4 meat rations
 l - a beef jerky
 r - 11 fruits
 t - 2 chunks of flesh
 u - a slice of pizza


   Skills:
 - Level 1.0 Fighting
 - Level 1.0 Short Blades
 * Level 2.8 Slings
 + Level 3.3 Dodging
 * Level 5.7 Stealth
 - Level 3.2 Evocations


You had 5 spell levels left.
You didn't know any spells.

Dungeon Overview and Level Annotations

Branches:
Dungeon (5/15)
 Temple: D:4-7

Altars:

Shops:
D:5 ?


Innate Abilities, Weirdness & Mutations

You cannot wear most types of armour.
You are amphibious.
You can wear up to eight rings at the same time.
You can use your tentacles to constrict eight enemies at once.
Your skin changes colour to match your surroundings (Stealth).
Your rubbery body absorbs attacks (AC +1).


Message History

The ice beast is heavily wounded.
This wand has 12 charges left.
The ice beast closely misses you.
Evoke which item? (* to show all) (? for menu, Esc to quit)
Zapping:
b - a wand of flame (12/48)
Press: ? - help, Shift-Dir - straight line, f/p - ice beast
Aim: an ice beast (heavily wounded)
The puff of flame hits the ice beast.
The ice beast melts!
The ice beast is heavily wounded.
This wand has 11 charges left.
The ice beast hits you. The ice beast freezes you!
Evoke which item? (* to show all) (? for menu, Esc to quit)
Zapping:
b - a wand of flame (11/48)
Press: ? - help, Shift-Dir - straight line, f/p - ice beast
Aim: an ice beast (heavily wounded)
The puff of flame hits the ice beast.
The ice beast melts!
The ice beast is almost dead.
This wand has 10 charges left.
The ice beast hits you.
* * * LOW HITPOINT WARNING * * *
The ice beast freezes you!
You die...

## . .≈b
..#####
######
.......
###......
.......##...#
.......#..###
#......@.#
#...######Y#
... #.# . #..
####


You could see an ice beast.

Vanquished Creatures
  A scorpion (D:4)
  An orc priest (D:4)
  2 worker ants (D:4)
  3 adders
  An ooze (D:4)
  2 worms
  2 dart slugs (D:1)
  3 giant geckos (D:4)
  4 orcs (D:4)
  A ball python (D:4)
  3 giant cockroaches
  8 goblins
  7 hobgoblins
  A quokka (D:4)
  4 bats
  2 giant newts
  2 kobolds
  5 rats
52 creatures vanquished.

Notes
Turn   | Place    | Note
--------------------------------------------------------------
     0 | D:1      | M4edhros the Octopode Artificer began the quest for the Orb.
     0 | D:1      | Reached XP level 1. HP: 13/13 MP: 3/3
    45 | D:1      | Reached skill level 2 in Stealth
    67 | D:1      | Reached XP level 2. HP: 5/18 MP: 4/4
   360 | D:1      | Reached skill level 3 in Stealth
   778 | D:1      | Reached XP level 3. HP: 21/23 MP: 5/5
  1139 | D:2      | Reached skill level 4 in Stealth
  1337 | D:4      | Reached skill level 1 in Slings
  1337 | D:4      | Reached XP level 4. HP: 18/28 MP: 6/6
  1543 | D:4      | Reached skill level 5 in Stealth
  1543 | D:4      | Reached XP level 5. HP: 23/33 MP: 7/7
  2246 | D:5      | Entered Level 5 of the Dungeon
  2246 | D:5      | Found Orghuqu's Magic Scroll Shop.
  2256 | D:4      | Reached XP level 6. HP: 26/38 MP: 8/8
  2401 | D:5      | Noticed an ice beast
  2411 | D:5      | Slain by an ice beast

Vault maps used:
D:1:      mrwooster_arrival_arrow, minmay_misc_feat_enclosed
D:3:      nicolae_dithmenos_through_a_glass_darkly, grunt_temple_overflow_open,
          ecumenical_altar_2
D:4:      kennysheep_decorative_pillar, kennysheep_generic_room_11
D:5:      nicolae_overflow_crystal_walls, minmay_temple_entry_grid,
          serial_aquarium, aquarium_bridge_square, aquarium_bridge_straight,
          aquarium_window_fake, aquarium_window_corner, aquarium_view_2b,
          aquarium_view_2d, serial_shops, shop, first_bread, uniq_duvessa

Skill      XL: |  1  2  3  4 |
---------------+-------------+-----
Stealth        | 2 3 4 5 |  5.7
Slings         | 1 2 |  2.8
Dodging        | 3 |  3.3
Fighting       | |  1.0
Short Blades   | |  1.0
Evocations     | |  3.2

Action                   |  1- 3 |  4- 6 || total
-------------------------+-------+-------++-------
Melee: Short sword       |    76 |    32 ||   108
Evoke: Wand              |       |    10 ||    10
 Stab: Sleeping          |     6 |     4 ||    10
  Eat: Chunk             |     1 |     4 ||     5
